Map: Berlingrad LE

Players

TheCeLL

  • Race: Zerg Zerg
  • League: Diamond

fatboinbox - Winner!

  • Race: Protoss Protoss
  • League: Diamond

VOD

Have the link to the VOD?

Description

Time

  • Played on: Dec. 8, 2021, 11:20 a.m.
  • Length: 14:57
Show
View Real Time Build Order
Export as new Build Order

TheCeLL Zerg 

Build Orders: Hatch First 

Get SALT Encoding   

  12  0:00  Drone  
  13  0:12  Overlord  
  13  0:17  Drone  
  14  0:30  Drone x2  
  16  0:49  Hatchery  
  15  0:52  Drone  
  16  0:58  Drone  
  16  0:59  Drone  
  18  1:12  Extractor  
  18  1:14  Spawning Pool  
  18  1:17  Drone  
  17  1:32  Drone x2  
  19  1:43  Overlord  
  19  1:52  Drone  
  20  2:06  Drone x2  
  20  2:07  Queen x2  
  26  2:14  Drone x2  
  28  2:28  Hatchery  
  27  2:33  Zergling x4  
  27  2:35  Drone  
  30  2:51  Overlord, Drone x2  
  30  2:54  Queen  
  30  2:56  Overlord  
  34  3:00  Drone  
  35  3:11  Drone  
  35  3:12  Drone  
  37  3:24  Drone x2  
  39  3:31  Metabolic Boost  
  39  3:39  Queen  
  41  3:42  Lair  
  41  3:43  Queen  
  41  3:44  Drone  
  43  4:00  Drone x7  
  43  4:01  Drone x3  
  53  4:05  Drone  
  53  4:08  Hatchery  
  53  4:09  Drone  
  54  4:11  Overlord x2  
  54  4:26  Spore Crawler  
  54  4:27  Extractor  
  54  4:28  Drone x2  
  54  4:29  Drone  
  54  4:31  Zergling x4  
  57  4:38  Queen  
  57  4:39  Queen x2  
  57  4:40  Drone x4  
  57  4:41  Drone  
  57  4:45  Spore Crawler  
  67  5:02  Overlord x2  
  67  5:11  Overlord x3  
  67  5:27  Pneumatized Carapace  
  67  5:42  Overlord x3  
  67  5:44  Drone x2  
  67  5:45  Drone x4  
  67  5:46  Queen x3  
  77  6:03  Hydralisk Den  
  76  6:05  Drone x5, Evolution Chamber  
  76  6:06  Evolution Chamber  
  76  6:08  Extractor  
  76  6:09  Extractor  
  76  6:10  Queen  
  79  6:12  Drone x3  
  79  6:13  Drone x3  
  79  6:15  Extractor  
  79  6:16  Extractor  
  79  6:17  Drone x2  
  79  6:18  Drone x3  
  86  6:19  Drone, Zergling x2  
  86  6:20  Zergling x14  
  86  6:21  Queen  
  86  6:22  Queen  
  101  6:28  Queen  
  103  6:34  Zergling x6  
  103  6:35  Zergling x2  
  103  6:39  Muscular Augments  
  107  6:40  Zerg Missile Weapons Level 1  
  107  6:44  Zerg Melee Weapons Level 1  
  107  6:46  Overlord x5  
  107  6:47  Overlord  
  105  7:12  Hydralisk x9  
  123  7:16  Zergling x2  
  123  7:17  Zergling x10  
  123  7:21  Baneling Nest  
  124  7:24  Overlord x3  
  124  7:47  Hydralisk  
  124  7:48  Hydralisk x9  
  144  7:51  Zergling x2  
  144  7:56  Grooved Spines  
  145  8:00  Zergling x6, Hatchery  
  147  8:11  Overlord x3  
  147  8:15  Baneling  
  147  8:16  Baneling x15  
  147  8:22  Overlord x3  
  119  9:04  Queen x2  
  116  9:18  Hydralisk  
  116  9:19  Hydralisk x12  
  124  9:30  Hydralisk x5  
  131  9:33  Zergling x2  
  131  9:35  Queen  
  131  9:39  Queen  
  131  10:30  Spire  
  131  10:32  Drone x6  
  131  10:33  Hatchery  
  131  10:35  Hatchery  
  97  10:58  Spore Crawler x2  
  97  11:00  Hydralisk x3  
  97  11:01  Hydralisk x5  
  97  11:04  Drone x5  
  114  11:09  Infestation Pit  
  115  11:13  Queen  
  99  11:39  Extractor  
  98  11:45  Hydralisk x12  
  120  12:03  Hydralisk x3  
  120  12:04  Hydralisk, Hatchery  
  127  12:12  Zerg Missile Weapons Level 2  
  127  12:15  Hive  
  127  12:27  Drone x3  
  128  12:30  Extractor, Hydralisk x4  
  133  13:00  Hatchery  
  133  13:02  Drone x3  
  135  13:24  Drone  
  135  13:25  Drone x8  
  135  13:26  Hydralisk  
  144  13:27  Hydralisk  
  138  14:33  Hydralisk x5  
Show
View Real Time Build Order
Export as new Build Order

fatboinbox Protoss - Winner!

Build Orders: 1 Gate Expand, Proxy Void Ray 

Get SALT Encoding   

  12  0:00  Probe  
  13  0:12  Probe  
  14  0:19  Pylon  
  14  0:24  Probe  
  15  0:38  Gateway  
  15  0:39  Probe (Chrono Boost)  
  16  0:46  Assimilator  
  17  0:50  Probe (Chrono Boost)  
  17  0:54  Probe (Chrono Boost)  
  18  1:05  Probe  
  19  1:17  Probe  
  20  1:30  Probe  
  21  1:33  Nexus  
  21  1:41  Cybernetics Core  
  21  1:49  Pylon  
  21  1:52  Probe (Chrono Boost)  
  22  2:02  Assimilator  
  22  2:04  Probe (Chrono Boost)  
  23  2:12  Probe (Chrono Boost)  
  24  2:18  Stargate  
  24  2:19  Adept  
  26  2:25  Probe  
  27  2:37  Probe (Chrono Boost)  
  27  2:41  Shield Battery  
  28  2:49  Probe (Chrono Boost)  
  28  2:50  Probe (Chrono Boost)  
  30  2:57  Void Ray, Probe x2 (Chrono Boost)  
  32  3:02  Probe (Chrono Boost)  
  32  3:03  Probe  
  38  3:18  Probe x2 (Chrono Boost)  
  40  3:22  Protoss Air Weapons Level 1  
  41  3:29  Probe (Chrono Boost)  
  41  3:30  Pylon, Probe (Chrono Boost)  
  42  3:38  Nexus  
  42  3:41  Probe  
  42  3:46  Adept  
  45  3:50  Void Ray  
  45  3:54  Shield Battery  
  49  4:08  Assimilator, Pylon  
  49  4:09  Probe (Chrono Boost)  
  51  4:10  Probe (Chrono Boost)  
  51  4:11  Assimilator  
  51  4:21  Probe (Chrono Boost)  
  51  4:22  Probe (Chrono Boost)  
  51  4:23  Pylon  
  53  4:27  Void Ray  
  53  4:29  Probe (Chrono Boost)  
  54  4:33  Probe (Chrono Boost)  
  54  4:36  Probe  
  54  4:37  Stargate  
  60  4:45  Probe  
  60  4:51  Forge  
  61  4:58  Pylon  
  61  5:03  Probe x2 (Chrono Boost)  
  64  5:07  Probe (Chrono Boost)  
  64  5:08  Assimilator  
  64  5:13  Assimilator  
  66  5:14  Probe x2 (Chrono Boost)  
  66  5:17  Fleet Beacon, Probe (Chrono Boost)  
  66  5:18  Probe x2 (Chrono Boost)  
  69  5:27  Probe  
  70  5:29  Probe x2  
  70  5:30  Void Ray  
  70  5:31  Photon Cannon  
  72  5:39  Probe  
  72  5:41  Probe x2  
  79  5:48  Void Ray  
  79  5:51  Probe  
  79  5:53  Probe x2  
  79  5:54  Flux Vanes  
  86  6:07  Void Ray  
  86  6:08  Stargate  
  86  6:10  Stargate  
  86  6:18  Probe x2  
  92  6:19  Nexus  
  92  6:20  Pylon  
  92  6:21  Pylon  
  92  6:32  Void Ray  
  92  6:38  Stargate  
  96  6:40  Stargate  
  96  6:41  Probe x3  
  96  6:44  Pylon  
  96  6:45  Photon Cannon  
  96  6:47  Void Ray x2  
  107  6:58  Probe x2  
  109  7:01  Pylon  
  109  7:02  Probe  
  110  7:10  Probe x2  
  110  7:12  Void Ray  
  110  7:13  Void Ray  
  120  7:31  Pylon  
  120  7:34  Pylon  
  120  7:35  Void Ray x3  
  124  7:49  Probe x2  
  124  7:50  Probe x2  
  128  7:53  Photon Cannon  
  128  7:54  Void Ray, Photon Cannon  
  128  7:56  Photon Cannon x2  
  128  7:58  Shield Battery  
  128  8:00  Pylon  
  128  8:01  Probe  
  128  8:02  Probe x3  
  128  8:03  Assimilator  
  136  8:08  Assimilator, Pylon  
  136  8:12  Void Ray, Photon Cannon  
  136  8:13  Pylon  
  136  8:14  Shield Battery, Probe x2  
  136  8:17  Probe x2  
  144  8:26  Probe  
  141  8:51  Void Ray x4  
  141  8:55  Void Ray  
  121  8:56  Void Ray  
  113  9:28  Void Ray  
  117  9:38  Probe x2  
  117  9:39  Probe  
  117  9:44  Void Ray x2  
  117  9:45  Adept, Void Ray  
  120  9:50  Pylon, Probe  
  135  10:04  Nexus  
  135  10:05  Pylon  
  135  10:08  Pylon  
  135  10:12  Photon Cannon  
  135  10:13  Photon Cannon  
  131  10:19  Photon Cannon  
  131  10:22  Carrier, Photon Cannon x2  
  131  10:23  Void Ray  
  131  10:24  Photon Cannon  
  131  10:26  Photon Cannon  
  141  10:38  Void Ray x2  
  133  10:48  Adept  
  137  11:02  Shield Battery  
  137  11:03  Shield Battery  
  137  11:07  Carrier  
  143  11:19  Void Ray x3  
  143  11:34  Probe x3  
  143  11:35  Probe  
  143  11:37  Void Ray, Assimilator  
  147  11:40  Assimilator  
  147  11:46  Probe x2  
  147  11:47  Probe x2  
  155  11:58  Probe  
  148  12:03  Cybernetics Core  
  148  12:09  Carrier  
  148  12:13  Probe x2  
  156  12:20  Probe x2  
  164  12:22  Carrier (Chrono Boost)  
  164  12:32  Void Ray  
  164  12:33  Void Ray  
  168  12:48  Void Ray x2 (Chrono Boost)  
  168  13:00  Photon Cannon  
  168  13:02  Photon Cannon  
  168  13:03  Photon Cannon  
  168  13:06  Photon Cannon  
  168  13:14  Photon Cannon  
  168  13:16  Photon Cannon  
  168  13:17  Photon Cannon  
  174  13:21  Probe  
  174  13:22  Probe x2  
  174  13:25  Carrier (Chrono Boost)  
  177  13:35  Pylon  
  183  14:46  Nexus  
  183  14:47  Pylon  
Tags
 
Add a new tag
Caveats
  • Supply blocks, unpowered buildings, or Contaminate may cause inaccurate times.
  • Supply counts are checked every 10 seconds.